 Dungeon Crawl Stone Soup version 0.19.0-18-g426998a (webtiles) character file.

98 Banto the Insei (level 4, -3/28 HPs)
             Began as an Octopode Transmuter on Nov 11, 2016.
             Killed by divine providence
             ... invoked by an orc priest
              (11 damage)
             ... on level 3 of the Dungeon.
             The game lasted 00:02:55 (2006 turns).

Banto the Insei (Octopode Transmuter)               Turns: 2006, Time: 00:02:55

Health: -3/28      AC:  1    Str:  9    XL:     4   Next: 71%
Magic:  5/7        EV: 13    Int: 15    God:
Gold:   116        SH:  0    Dex: 13    Spells: 2 memorised, 4 levels left

rFire  . . .     SeeInvis .       - Unarmed
rCold  . . .     Gourm    .     (no shield)
rNeg   . . .     Faith    .     (helmet restricted)
rPois  .         Spirit   .     (no amulet)
rElec  .         Reflect  .     (no ring)
rCorr  .         Harm     .     (no ring)
MR     .....                    (no ring)
Stlth  ++........               (no ring)
                                (no ring)
                                (no ring)
                                (no ring)
                                (no ring)

@: appendage (expiring)
A: almost no armour, stealthy swim, amphibious, 8 rings, constrict 8, tentacle
spike 3, camouflage 1, gelatinous body 1
a: End Transformation


You were on level 3 of the Dungeon.
You were not hungry.
One of your tentacles had a temporary spike.
You visited 1 branch of the dungeon, and saw 3 of its levels.

You collected 116 gold pieces.

Inventory:

Missiles
 a - 27 arrows
Scrolls
 e - 2 scrolls of teleportation
 f - a scroll of remove curse
Potions
 d - 2 potions of lignification
 g - 2 potions of invisibility
 h - a potion of resistance
 i - a potion of agility
 j - a potion of flight {unknown}
 m - a potion of mutation {unknown}
 n - a potion of brilliance {unknown}
 o - a potion of heal wounds {unknown}
Books
 b - a book of Changes

   Spells                             Type                      Level
   a - Beastly Appendage              Transmutation                1
   b - Sticks to Snakes               Transmutation                2
   c - Spider Form                    Transmutation/Poison         3
   d - Ice Form                       Ice/Transmutation            4
   e - Blade Hands                    Transmutation                5
Comestibles
 c - a bread ration
 k - a slice of pizza


   Skills:
 - Level 1.0 Fighting
 - Level 2.0 Dodging
 + Level 4.4 Unarmed Combat
 - Level 2.0 Spellcasting
 + Level 3.4 Transmutations


You had 4 spell levels left.
You knew the following spells:

 Your Spells              Type           Power        Failure   Level  Hunger
a - Beastly Appendage     Tmut           ##....       8%          1    #......
b - Sticks to Snakes      Tmut           ##......     12%         2    ###....


Dungeon Overview and Level Annotations

Branches:
Dungeon (3/15)

Altars:
Trog


Innate Abilities, Weirdness & Mutations

You cannot wear most types of armour.
You are very stealthy in the water. (Stealth+)
You are amphibious.
You can wear up to eight rings at the same time.
You can use your tentacles to constrict eight enemies at once.
Your skin changes colour to match your surroundings (Stealth+).
Your rubbery body absorbs attacks. (AC +1, EV +1)
One of your tentacles bears a large vicious spike.


Message History

You tentacle-slap the orc but do no damage.
The orc is heavily wounded.
You constrict the orc, but do no damage.
Your ball python bites the orc but does no damage.
The orc misses you.
You release your grip on the orc.
Your transformation is almost over.
Your ball python closely misses the orc.
Your ball python grabs the orc.
Your ball python constricts the orc.
The orc closely misses your ball python.
Your ball python bites the orc but does no damage.
Your ball python constricts the orc.
The orc barely misses your ball python.
Your ball python bites the orc.
Your ball python constricts the orc.
Your ball python completely misses the orc priest.
Your ball python constricts something.
Your ball python bites the orc but does no damage.
Your ball python constricts the orc.
The orc priest invokes the aid of Beogh against you.
Beogh smites you!
You die...

#...# #...## #.##. #...# #...#
####.##. ####<..# ### #...#
#....... ...'...+ .o# #...#
#.##.##) ####...# #.# ######...#
#.##.##. .......# #o# #........#
#.##.##) ###.#### #.# #........#
#.##.##. ###.## #o#
#........####.##...÷ .##((# #.#
#.o@.....#.....'....
.###†#####.###.......#####.##....
....)......o.o.......'.....>#....
...#.####...S........#####..#....
.#.#.# #............# #.......
.#.#.####..###.......# #+##....
.#...............##### ..###
.#.##.###..#.......# .# .####.#
#..#.......#


You could see an orc priest, 2 orcs and a friendly ball python.

Vanquished Creatures
  3 adders
  A worm (D:3)
  2 dart slugs (D:1)
  A leopard gecko (D:1)
  7 orcs (D:3)
  9 goblins
  5 hobgoblins
  5 kobolds
  A quokka (D:3)
  4 bats
  5 frilled lizards
  5 rats
48 creatures vanquished.

Vanquished Creatures (collateral kills)
  An adder (D:3)
  A worm (D:2)
  A giant cockroach (D:3)
3 creatures vanquished.

Vanquished Creatures (others)
  A wizard (D:3)
1 creature vanquished.

Grand Total: 52 creatures vanquished

Notes
Turn   | Place    | Note
-------+----------+-------------------------------------------
     0 | D:1      | Banto the Octopode Transmuter began the quest for the Orb.
     0 | D:1      | Reached XP level 1. HP: 13/13 MP: 3/3
   141 | D:1      | Reached XP level 2. HP: 17/18 MP: 5/5
   390 | D:1      | Learned a level 2 spell: Sticks to Snakes
   598 | D:1      | Reached XP level 3. HP: 22/23 MP: 4/6
  1296 | D:2      | Reached skill level 4 in Unarmed Combat
  1534 | D:3      | Reached XP level 4. HP: 27/28 MP: 7/7
  1945 | D:3      | Found a bloodstained altar of Trog.
  1946 | D:3      | Noticed a wizard
  1952 | D:3      | Killed a wizard
  2006 | D:3      | Killed from afar by an orc priest

Skill      XL: |  1  2  3 |
---------------+----------+-----
Unarmed Combat | 4 |  4.4
Transmutations | 3 |  3.4
Fighting       | |  1.0
Dodging        | |  2.0
Spellcasting   | |  2.0

Action                   |  1- 3 |  4- 6 || total
-------------------------+-------+-------++-------
Melee: Unarmed           |    93 |    37 ||   130
       Constrict         |    24 |    10 ||    34
       Tentacles         |     7 |     6 ||    13
       Kick              |    12 |     3 ||    15
       Punch             |     2 |     4 ||     6
 Cast: Beastly Appendage |     9 |     4 ||    13
       Sticks to Snakes  |     3 |     4 ||     7
  Use: Scroll            |     5 |     1 ||     6
 Stab: Sleeping          |     5 |     1 ||     6
  Eat: Chunk             |     2 |     2 ||     4
Armor: Skin              |     4 |     1 ||     5
Dodge: Dodged            |    55 |    21 ||    76

Table legend:
 A = Turns spent in this place as a percentage of turns spent in the entire game.
 B = Non-inter-level travel turns spent in this place as a percentage of non-inter-level travel turns spent in the entire game.
 C = Inter-level travel turns spent in this place as a percentage of turns spent in this place.
 D = Turns resting spent in this place as a percentage of non-inter-level travel turns spent in this place.
 E = Turns spent auto-exploring this place as a percentage of non-inter-level travel turns spent in this place.
 F = Non-inter-level travel turns spent in this place divided by the number of levels of this place that you've seen.
                   A       B       C       D       E      F
               +-------+-------+-------+-------+-------+----------------------
         Total | 100.0 | 100.0 |   0.4 |   5.5 |  15.1 | 176.3
       Dungeon | 100.0 | 100.0 |   0.4 |   5.5 |  15.1 | 176.3
               +-------+-------+-------+-------+-------+----------------------

Table legend:
 A = Kills in this place as a percentage of kills in entire the game.
 B = Kills by you in this place as a percentage of kills by you in the entire game.
 C = Kills by friends in this place as a percentage of kills by friends in the entire game.
 D = Other kills in this place as a percentage of other kills in the entire game.
 E = Experience gained in this place as a percentage of experience gained in the entire game.
 F = Experience gained in this place divided by the number of levels of this place that you have seen.
                   A       B       C       D       E      F
               +-------+-------+-------+-------+-------+----------------------
         Total | 100.0 | 100.0 | 100.0 |  -nan | 100.0 |  47.0
       Dungeon | 100.0 | 100.0 | 100.0 |  -nan | 100.0 |  47.0
               +-------+-------+-------+-------+-------+----------------------
